 BcadrenCrawl: Boulder Brew version 0.03.2.1-27-g9e5655dcad (webtiles) character file.

Game seed: 16353246385352107871, levelgen mode: deterministic

23177 esc the Fighter (level 12, -5/111 (113) HPs) Minotaur Noble. Began on Jan 15, 2021. Was the Champion of Okawaru. Slain by an orc knight ... wielding a +0 great sword (23 damage) ... on level 7 of the Dungeon on Jan 17, 2021. The game lasted 00:29:50 (7803 turns).

esc the Fighter (Minotaur Noble)                    Turns: 7803, Time: 00:29:50

HP:   -5/111 (113)  AC: 21    Str: 23    XL:     12 ^: 4923
MP:   15/15         EV: 12    Int:  7    God:    Okawaru [6* [185]]
Gold: 319           SH: 18    Dex: 15    Spells: 13/13 levels left

rFire    x . .     Vision   .   c - +3 demon whip (venom)
rCold    . . .     Gourm    .   f - +6 heater shield "Zomemm" {Dex+4}
rNeg     . . .     Faith    .   x - +6 chain mail "Qeficucw" {rPois rC- MR++ rCorr}
rPois    +         Spirit   .   (helmet restricted)
rElec    .         Reflect  .   (no cloak)
rCorr    +         Harm     .   g - +0 pair of gloves
MR       ++++.                  (no boots)
Stlth    ..........             u - amulet of rage
HPRegen  0.47/turn              e - ring of evasion
MPRegen  0.25/turn              k - ring "Utzu" {Ice MR++}

@: heroism
A: retaliatory headbutt, horns 2
a: Heroism, Finesse, Renounce Religion, Evoke Berserk Rage


You were on level 7 of the Dungeon.
You worshipped Okawaru.
Okawaru was exalted by your worship.
You were hungry.

You visited 1 branch of the dungeon, and saw 7 of its levels.
You also visited: Ice Cave and Market.

You collected 297 gold pieces.
You spent 978 gold pieces at shops.

Inventory:

Weapons
 c - a +3 demon whip of venom (weapon) Shields
 d - a +0 nunchaku
 f - the +6 heater shield "Zomemm" (shield) {Dex+4}
   (You found it on level 2 of the Dungeon)

   Base shield rating: 8 Skill to remove penalty: 3.0 It affects your dexterity
   (+4).
Armour
 g - a +0 pair of gloves (worn)
 x - the +6 chain mail "Qeficucw" (worn) {rPois rC- MR++ rCorr}
   (You found it on level 4 of the Dungeon)

   It makes you vulnerable to cold.
   It protects you from poison.
   It affects your resistance to hostile enchantments.
   It provides partial protection from all sources of acid and corrosion.
Jewellery
 e - a ring of evasion (left hand)
 k - the ring "Utzu" (right hand) {Ice MR++}
   (You acquired it on level 1 of the Dungeon)

   [ring of ice]

   It enhances your ice magic.
   It makes you vulnerable to fire.
   It protects you from cold.
   It affects your resistance to hostile enchantments.
 o - an uncursed ring of strength
 u - an amulet of rage (around neck)
 v - an uncursed amulet of the gourmand
Wands
 l - a wand of iceblast (1)
 q - a wand of ensnaring (1)
 r - a wand of flame (2)
 w - a wand of clouds (1)
 y - a wand of scattershot (3)
 A - a wand of hasting (4)
 F - a wand of polymorph (6)
Scrolls
 a - a scroll of blinking
 h - 3 scrolls of teleportation
 s - 2 scrolls of amnesia
 B - 2 scrolls of magic mapping
Potions
 i - a potion of cancellation
 j - 3 potions of ambrosia
 m - 2 potions of haste
 n - a potion of resistance
 p - 5 potions of curing
 t - a potion of brilliance
 z - 2 potions of magic
 C - 2 potions of invisibility
 E - a potion of might
Comestibles
 b - 15 rations


   Skills:
 + Level 12.8(17.8) Fighting
 + Level 12.7(17.7) Whips & Flails
 + Level 10.6(15.6) Armour
 - Level 3.2(8.2) Dodging
 - Level 0.7(5.7) Stealth
 + Level 10.5(15.5) Shields
 - Level 1.0 Spellcasting
 - Level 6.0 Invocations
 - Level 4.0 Evocations


You had 13 spell levels left.
You didn't know any spells.
Your spell library was empty.

Dungeon Overview and Level Annotations

Branches:
Dungeon (7/8)              Temple (0/1) D:4            Lair (0/6) D:5
    Orc (0/2) D:6           IceCv (visited)
 Vaults: D:7

Altars:
Ashenzari
Dithmenos
Elyvilon
Fedhas Madash
Okawaru
Trog
Wu Jian
Zin


Innate Abilities, Weirdness & Mutations

You reflexively headbutt those who attack you in melee.
You have a pair of horns on your head.


Message History

The orc knight hits you with a +0 great sword (19)!!
The wyvern skeleton closely misses you (0).
You hit the orc knight (5).
The orc knight is heavily wounded. (34/77) HP You closely miss the orc knight.
The orc knight hits you with a +0 great sword (6).
You block the wyvern skeleton's attack.
You thrash the orc knight (21)!!
The orc knight is almost dead. (14/77) HP You barely miss the orc knight.
The orc knight hits you with a +0 great sword (23)!!
* * * LOW HITPOINT WARNING * * *
You block the wyvern skeleton's attack.
You hit the orc knight (4).
The orc knight is almost dead. (10/77) HP The wyvern skeleton bites you but does no damage.
You hit the orc knight (4).
The orc knight is almost dead. (6/77) HP The orc knight hits you with a +0 great sword (23)!!
You die...

#..# #..# #..# #..#
#..# #. #..# .....
#.# #).# ......#.#
#@.# ......#.# #Zo# .
.....+.# #..# ...
#...#.####++#..#''###
#.#...........$......
#.+..................
#.#...#######..#''###
#.#...# +..#.....
#.#...# +..#.....


You could see an orc knight and a wyvern skeleton.

Vanquished Creatures
  Jorgrun (D:6)
  Circe (D:6)
  Fannar (D:5)
  A boulder beetle (D:7)
  Urug (D:5)
  2 ogre magi (D:7)
  Nergalle (D:6)
  A two-headed ogre (D:5)
  A centaur warrior (D:7)
  An orc knight (D:7)
  A manticore (D:6)
  An ice statue (D:3)
  An ugly thing (D:7)
  A yaktaur (shapeshifter) (D:7)
  A vampire (D:4)
  2 cyclopes
  A spriggan (D:5)
  5 yaks
  Grum (D:5)
  4 hippogriffs (D:6)
  2 wyverns
  A hog (D:6)
  4 war dogs (D:5)
  A basilisk (D:6)
  2 hungry ghosts
  2 guardian mummies (D:5)
  A spectral two-headed ogre (D:5)
  A slime creature (D:6)
  A wolf spider zombie (D:4)
  5 orc warriors
  A necrophage (D:5)
  A phantom (D:4)
  3 water moccasins
  A porcupine (D:5)
  8 scorpions
  A swamp drake (D:6)
  4 ice beasts
  5 sky beasts
  3 black bears
  8 ogres
  A crocodile (D:2)
  A spectral yak (D:5)
  6 big kobolds
  8 bullfrogs
  A gnoll sergeant (D:5)
  2 centaurs (D:5)
  A harpy skeleton (D:7)
  A spectral hornet (D:5)
  14 howler monkeys
  2 killer bees
  3 hornet zombies
  10 wights
  2 quasits (D:5)
  2 crimson imps (D:4)
  7 jellies
  A spectral big kobold (D:5)
  2 spectral ogres (D:5)
  10 hounds
  A mummy (D:5)
  11 orc priests
  5 iguanas
  8 orc wizards
  7 worker ants
  A wyvern zombie (D:5)
  A water moccasin simulacrum (D:5)
  A wyvern simulacrum (D:5)
  9 giant cockroaches
  2 iron imps
  A porcupine zombie (D:5)
  4 bullfrog zombies
  A porcupine skeleton (D:4)
  5 bullfrog skeletons (D:5)
  A shadow imp (D:4)
  13 adders
  3 gnolls (D:5)
  22 sewer rats (D:2)
  A bullfrog simulacrum (D:5)
  6 worms
  10 cinder newts
  A spectral howler monkey (D:5)
  2 hound zombies (D:5)
  A howler monkey zombie (D:5)
  A hound skeleton (D:5)
  A howler monkey skeleton (D:5)
  11 oozes
  3 worker ant simulacra (D:5)
  9 leopard geckos
  36 orcs
  2 adder simulacra (D:5)
  3 adder skeletons
  An adder zombie (D:5)
  5 ball pythons
  7 bats
  A goblin (D:1)
  2 hobgoblins (D:1)
  9 jackals
  2 quokkas
  A bat skeleton (D:2)
  3 hobgoblin skeletons (D:2)
  25 kobolds
  A kobold skeleton (D:2)
  3 rats (D:1)
  A spectral quokka (D:5)
  2 giant blowflies (D:2)
404 creatures vanquished.

Vanquished Creatures (others)
  A human (D:6)
  A hungry ghost (D:6)
  An eye of draining (D:6)
  A jelly (D:6)
  2 sewer rats (D:2)
  A leopard gecko (D:2)
  An orc (D:6)
  5 kobolds (D:2)
  A bush (D:4)
  2 fungi (D:5)
  A giant blowfly (D:2)
  8 plants
  5 toadstools (D:2)
  196 withered plants (D:2)
226 creatures vanquished.

Grand Total: 630 creatures vanquished

Notes
Turn   | Place    | Note
-------+----------+-------------------------------------------
     0 | Start Ma | esc the Minotaur Noble began the quest for the Orb.
     0 | Start Ma | Reached XP level 1. HP: 16/16 MP: 1/1
     0 | Start Ma | Found Waseu's Mashing MeleeMart.
     0 | Start Ma | Found Eptiesk's Auxillary Armour.
     7 | Start Ma | Bought a +0 demon whip for 600 gold pieces
    16 | Start Ma | Found Qecwodgh's Expert Tomes.
    29 | Start Ma | Bought a +0 nunchaku for 378 gold pieces
    37 | D:1      | esc set off with the following items: a +0 robe, a ration,
                  | a +0 demon whip, a +0 nunchaku
    56 | D:1      | Reached skill level 1 in Whips & Flails
    56 | D:1      | Reached XP level 2. HP: 21/24 MP: 2/2
   256 | D:1      | Reached XP level 3. HP: 29/30 MP: 3/3
   283 | D:1      | Reached XP level 4. HP: 38/38 MP: 4/4
   554 | D:1      | Identified a scroll of acquirement
   564 | D:1      | Identified the ring "Utzu" {Ice MR++} (You acquired it on
                  | level 1 of the Dungeon)
   690 | D:2      | Identified the cursed ring "Hyopre" {+Inv rPois MP+9 Dex+5,
                  | (Curse: Fragile)}
   690 | D:2      | Noticed a big kobold
   714 | D:2      | Killed a big kobold
   714 | D:2      | Reached XP level 5. HP: 40/47 MP: 5/5
   801 | D:2      | Reached skill level 5 in Fighting
   819 | D:2      | Reached XP level 6. HP: 45/56 MP: 6/6
   843 | D:2      | Reached skill level 5 in Whips & Flails
   863 | D:2      | Noticed a water moccasin
   872 | D:2      | Killed a water moccasin
   887 | D:2      | Reached XP level 7. HP: 51/64 MP: 7/7
  1156 | D:2      | Found a glowing silver altar of Zin.
  1421 | D:2      | Found a blossoming altar of Fedhas.
  1471 | D:2      | Identified the +6 heater shield "Zomemm" {Dex+4}
  1473 | D:2      | Reached XP level 8. HP: 74/74 MP: 8/8
  1541 | D:2      | Reached skill level 1 in Armour
  1589 | D:2      | Reached skill level 1 in Dodging
  1772 | D:2      | Reached skill level 1 in Shields
  2818 | D:3      | Noticed an ice statue
  3137 | D:3      | Killed an ice statue
  3137 | D:3      | Reached XP level 9. HP: 40/82 MP: 9/9
  3473 | D:4      | Identified the cursed +6 chain mail "Qeficucw" {rPois rC-
                  | MR++ rCorr, (Curse: *Drain)}
  3737 | D:4      | Reached skill level 5 in Armour
  3767 | D:4      | Reached skill level 5 in Shields
  3903 | D:4      | Found an iron altar of Okawaru.
  3903 | D:4      | Found a shadowy altar of Dithmenos.
  3906 | D:4      | Found a shattered altar of Ashenzari.
  3915 | D:4      | Became a worshipper of Warmaster Okawaru
  4020 | D:4      | Reached skill level 1 in Invocations
  4031 | D:4      | Reached skill level 1 in Evocations
  4121 | D:4      | Received a gift from Okawaru
  4137 | D:4      | Reached * piety under Okawaru
  4183 | D:4      | Found a staircase to the Ecumenical Temple.
  4295 | D:4      | Identified the cursed +3 buckler of Parlour Games {rCorr
                  | Int+4, (Curse: *Tele)}
  4375 | D:4      | Reached XP level 10. HP: 93/93 MP: 10/10
  4548 | D:5      | Entered Level 5 of the Dungeon
  4558 | D:5      | Reached skill level 10 in Fighting
  4622 | D:5      | Reached ** piety under Okawaru
  4678 | D:5      | Reached skill level 10 in Whips & Flails
  4688 | D:5      | Noticed Grum
  4707 | D:5      | Killed Grum
  4750 | D:5      | Found a staircase to the Lair.
  4762 | D:5      | Noticed Fannar
  4808 | D:5      | Killed Fannar
  4808 | D:5      | Reached *** piety under Okawaru
  4999 | D:5      | Noticed Urug
  5006 | D:4      | Reached XP level 11. HP: 87/101 MP: 13/13
  5143 | D:5      | Found a white marble altar of Elyvilon.
  5175 | D:5      | Killed Urug
  5175 | D:5      | Reached **** piety under Okawaru
  5225 | D:5      | Received a gift from Okawaru
  5407 | D:5      | Found a frozen archway.
  5417 | IceCv    | Entered an ice cave
  5438 | D:5      | Found a bloodstained altar of Trog.
  6003 | D:5      | Reached skill level 5 in Invocations
  6009 | D:5      | Noticed a two-headed ogre
  6032 | D:5      | Killed a two-headed ogre
  6176 | D:6      | Reached ***** piety under Okawaru
  6277 | D:6      | Noticed Circe
  6457 | D:6      | Noticed a lindwurm
  6460 | D:6      | Killed Circe
  6522 | D:6      | Found an ornate altar of the Wu Jian Council.
  6693 | D:6      | Received a gift from Okawaru
  6696 | D:6      | Noticed Jorgrun
  6705 | D:6      | Killed Jorgrun
  6705 | D:6      | Reached XP level 12. HP: 58/110 MP: 15/15
  6890 | D:6      | Reached ****** piety under Okawaru
  7077 | D:6      | Noticed Nergalle
  7095 | D:6      | Killed Nergalle
  7165 | D:6      | Reached skill level 10 in Armour
  7170 | D:6      | Found a staircase to the Orcish Mines.
  7378 | D:7      | Received a gift from Okawaru
  7385 | D:7      | Reached skill level 10 in Shields
  7488 | D:7      | HP: 3/111 [boulder beetle (20)]
  7803 | D:7      | Slain by an orc knight

Levels and vault maps discovered:
D:1:      psy_arrival_statuary, layout_basic, first_ration, portal_sewer_entry_b
D:2:      cheibrodos_fertilizer, layout_sewer,
          bcadren_lemuel_inverted_doored_altar
D:3:      lemuel_ice_statue, layout_loops_corners
D:4:      layout_stronghold, gammafunk_temple_overflow_forgotten,
          minmay_temple_entry_waves
D:5:      layout_loops_cross, lightli_temple_of_fire, dpeg_oklobed_lair,
          portal_ice_cave_entry_pillars_1, basic_altar, the_bakery,
          ossuary_minmay_four_chambers, uniq_urug, uniq_grum, uniq_fannar
D:6:      layout_loops_cross, lemuel_round_altar, erik_orc_1,
          wad_floor_pattern_untrapped, minmay_misc_feat_cross, uniq_circe,
          uniq_jorgrun, uniq_nergalle
D:7:      layout_irregular_city, skrybe_vaults_entry_preservation, minivault_5

Skill      XL: |  1  2  3  4  5  6  7  8  9 10 11 12 |
---------------+-------------------------------------+-----
Fighting       | 2 3 4 5 6 7 8 9 10 12 | 12.8
Whips & Flails | 1 2 3 4 6 7 8 9 10 11 12 | 12.7
Armour         | 3 6 7 9 10 | 10.6
Dodging        | 3 |  3.2
Shields        | 3 5 7 9 10 | 10.5
Invocations    | 1 4 6 |  6.0
Evocations     | 1 3 4 |  4.0
Stealth        | |  0.7
Spellcasting   | |  1.0

Action                   |  1- 3 |  4- 6 |  7- 9 | 10-12 || total
-------------------------+-------+-------+-------+-------++-------
Melee: Demon whip        |    17 |    57 |   290 |   458 ||   822
       Nunchaku          |    11 |    44 |    32 |       ||    87
       Headbutt          |       |     4 |    35 |   128 ||   167
Invok: Heroism           |       |       |       |     1 ||     1
Evoke: Wand              |       |       |       |     1 ||     1
  Use: Scroll            |       |     1 |     2 |     3 ||     6
 Stab: Distracted        |       |       |       |     1 ||     1
  Eat: Chunk             |       |       |    12 |    12 ||    24
Armor: Leather armour    |     4 |    21 |       |       ||    25
       Robe              |     1 |       |       |       ||     1
       Ring mail         |       |    11 |    33 |       ||    44
       Chain mail        |       |       |     4 |    94 ||    98
Dodge: Dodged            |     9 |    36 |    56 |    51 ||   152
Block: Nunchaku          |     1 |    10 |    11 |       ||    22
       Heater shield     |       |       |    88 |   230 ||   318
